Map: Pillars of Gold LE

Players

Silky - Winner!

  • Race: Zerg Zerg
  • Spawn Location: 1:00

Creature

  • Race: Protoss Protoss
  • Spawn Location: 7:00

Event: The Miserable Cup

VOD

Have the link to the VOD?

Description

Time

  • Played on: June 21, 2020, 3:11 p.m.
  • Length: 2:53

All games in this series

Show
View Real Time Build Order
Export as new Build Order

Silky Zerg - Winner!

Build Orders: Hatch First 

Get SALT Encoding   

  12  0:00  Drone  
  13  0:12  Overlord  
  13  0:17  Drone  
  14  0:31  Drone x2  
  16  0:49  Hatchery  
  15  0:53  Drone  
  15  0:56  Drone  
  17  1:00  Drone  
  18  1:10  Extractor  
  17  1:16  Spawning Pool  
  16  1:19  Drone  
  16  1:22  Drone  
  18  1:29  Drone  
  19  1:39  Drone  
  20  1:49  Overlord  
  20  2:05  Spine Crawler  
  20  2:06  Spine Crawler  
  20  2:07  Zergling x2  
  20  2:08  Zergling x2, Queen  
  20  2:13  Zergling x2  
  23  2:22  Zergling x2  
  24  2:24  Zergling x2  
  24  2:28  Zergling x2  
  26  2:33  Zergling x2  
Show
View Real Time Build Order
Export as new Build Order

Creature Protoss 

Build Orders:  

Get SALT Encoding   

  12  0:00  Probe  
  13  0:15  Probe  
  14  0:27  Probe  
  15  0:35  Pylon  
  15  0:53  Gateway x2  
  15  0:59  Gateway  
  15  1:11  Gateway  
  15  1:32  Zealot x2  
  15  1:36  Pylon  
  15  1:46  Zealot  
  21  1:52  Zealot  
  21  1:57  Zealot  
  25  2:04  Zealot  
  27  2:13  Zealot  
  29  2:25  Pylon  
Tags
 
Add a new tag
Caveats
  • Supply blocks, unpowered buildings, or Contaminate may cause inaccurate times.
  • Supply counts are checked every 10 seconds.